[ PARTIDA AOE2 · #505183124 ]
UnrankedMongoles vs Tupi
Equipo del jugador · DERR
Equipo rival · VICT
[ ANÁLISIS DE REPETICIÓN · EXTRAÍDO DE LA PARTIDA GRABADA ]
Feudal
9:16
Castillos
21:56
Imperial
—
| APM promedio | 50.0 |
| APM pico | 108 |
| eAPM promedio | 14.0 |
| Aldeanos / militares | 20 / 17 |
Foco
⚔️ 22.0% · 🌾 78.0%
Steppe Lancer ×7 · Archer ×6 · Mangonel ×3 · Camel Scout ×1
Feudal
14:50
Castillos
23:40
Imperial
—
| APM promedio | 49.1 |
| APM pico | 83 |
| eAPM promedio | 17.0 |
| Aldeanos / militares | 45 / 8 |
Foco
⚔️ 21.4% · 🌾 78.6%
Skirmisher ×8 · Unknown (2579) ×6 · Unknown (2550) ×1
Mapa de la partida
Recursos iniciales + cada clic de construcción. Líneas = muros · curvas = relieve. ◆ oro · ⬟ piedra · ● bayas · ✦ reliquia · ◌ hueco del cierre
Tu base· Abierta — hueco de 8t
Base de TE MS MOE· Abierta — flanco sin cerrar
Terreno inicial suavizado · ◌ = hueco del cierre detectado · pasá el cursor para detalles
Inputs por minuto
— Jackdaw - - TE MS MOE
Build order — Jackdaw
68 acciones detectadas en el replay
| 0:00 | Encolar | Villager (Male) |
| 0:01 | Encolar | Villager (Male) |
| 0:01 | Encolar | Villager (Male) |
| 0:01 | Encolar | Villager (Male) |
| 0:02 | Construir | House |
| 0:04 | Construir | House |
| 1:29 | Encolar | Villager (Male) |
| 1:57 | Encolar | Villager (Male) |
| 1:59 | Construir | Lumber Camp |
| 2:20 | Encolar | Villager (Male) |
| 2:40 | Encolar | Villager (Male) |
| 2:52 | Encolar | Villager (Male) |
| 2:58 | Construir | House |
| 3:28 | Encolar | Villager (Male) |
| 3:42 | Encolar | Villager (Male) |
| 4:06 | Encolar | Villager (Male) |
| 4:17 | Construir | Mill |
| 4:38 | Encolar | Villager (Male) |
| 5:05 | Encolar | Villager (Male) |
| 5:29 | Construir | House |
| 5:32 | Encolar | Villager (Male) |
| 5:56 | Encolar | Villager (Male) |
| 6:19 | Encolar | Villager (Male) |
| 6:45 | Investigar | Feudal Age |
| 7:29 | Construir | Mining Camp |
| 7:51 | Investigar | Loom |
| 9:06 | Construir | Lumber Camp |
| 9:16 | Edad | Edad Feudal |
| 11:22 | Construir | House |
| 11:43 | Construir | Mining Camp |
| 12:03 | Construir | House |
| 12:52 | Construir | Barracks |
| 13:45 | Construir | Mill |
| 13:48 | Construir | Archery Range |
| 14:10 | Construir | Watch Tower |
| 14:19 | Encolar | Archer |
| 14:19 | Encolar | Archer |
| 15:05 | Encolar | Archer |
| 15:07 | Encolar | Archer |
| 15:12 | Investigar | Double-Bit Axe |
| 16:15 | Encolar | Archer |
| 16:42 | Construir | Market |
| 16:49 | Construir | Market |
| 16:54 | Encolar | Archer |
| 17:37 | Construir | Mill |
| 18:13 | Construir | Town Center |
| 19:16 | Investigar | Castle Age |
| 19:29 | Construir | Stable |
| 20:17 | Construir | Blacksmith |
| 21:56 | Edad | Edad de los Castillos |
| 22:05 | Encolar | Steppe Lancer |
| 22:05 | Encolar | Camel Scout |
| 22:09 | Encolar | Steppe Lancer |
| 22:09 | Encolar | Steppe Lancer |
| 22:21 | Construir | Siege Workshop |
| 22:42 | Encolar | Villager (Male) |
| 22:54 | Construir | Farm |
| 22:56 | Construir | Farm |
| 22:57 | Construir | Farm |
| 23:13 | Encolar | Steppe Lancer |
| 23:51 | Encolar | Mangonel |
| 24:17 | Encolar | Steppe Lancer |
| 24:18 | Encolar | Steppe Lancer |
| 24:18 | Encolar | Steppe Lancer |
| 25:09 | Encolar | Mangonel |
| 25:24 | Encolar | Villager (Male) |
| 26:09 | Encolar | Mangonel |
| 26:16 | Encolar | Villager (Male) |
Build order — TE MS MOE
123 acciones detectadas en el replay
| 0:01 | Encolar | Villager (Male) |
| 0:02 | Construir | House |
| 0:02 | Construir | House |
| 0:11 | Encolar | Villager (Male) |
| 0:25 | Encolar | Villager (Male) |
| 0:26 | Encolar | Villager (Male) |
| 1:13 | Encolar | Villager (Male) |
| 1:43 | Encolar | Villager (Male) |
| 1:43 | Encolar | Villager (Male) |
| 2:05 | Encolar | Villager (Male) |
| 2:05 | Encolar | Villager (Male) |
| 2:11 | Construir | Settlement |
| 2:31 | Encolar | Villager (Male) |
| 3:17 | Encolar | Villager (Male) |
| 3:18 | Encolar | Villager (Male) |
| 3:18 | Encolar | Villager (Male) |
| 3:47 | Encolar | Villager (Male) |
| 3:47 | Encolar | Villager (Male) |
| 3:47 | Encolar | Villager (Male) |
| 4:16 | Investigar | Loom |
| 4:16 | Investigar | Loom |
| 5:21 | Encolar | Villager (Male) |
| 5:22 | Encolar | Villager (Male) |
| 5:22 | Encolar | Villager (Male) |
| 5:22 | Encolar | Villager (Male) |
| 5:22 | Encolar | Villager (Male) |
| 5:22 | Encolar | Villager (Male) |
| 6:24 | Construir | House |
| 6:49 | Construir | Town Center |
| 6:56 | Construir | House |
| 7:34 | Encolar | Villager (Male) |
| 7:34 | Encolar | Villager (Male) |
| 7:35 | Encolar | Villager (Male) |
| 8:15 | Construir | House |
| 8:18 | Encolar | Villager (Male) |
| 8:19 | Encolar | Villager (Male) |
| 8:19 | Encolar | Villager (Male) |
| 8:59 | Encolar | Villager (Male) |
| 9:26 | Encolar | Villager (Male) |
| 9:41 | Encolar | Villager (Male) |
| 10:09 | Construir | Settlement |
| 10:13 | Encolar | Villager (Male) |
| 10:14 | Encolar | Villager (Male) |
| 10:41 | Encolar | Villager (Male) |
| 10:44 | Construir | House |
| 11:08 | Encolar | Villager (Male) |
| 12:12 | Construir | House |
| 12:16 | Construir | Palisade Wall |
| 12:16 | Construir | Palisade Wall |
| 12:17 | Construir | Palisade Wall |
| 12:40 | Investigar | Feudal Age |
| 12:58 | Construir | Palisade Wall |
| 13:42 | Construir | Settlement |
| 14:34 | Construir | Barracks |
| 14:50 | Edad | Edad Feudal |
| 15:02 | Investigar | Double-Bit Axe |
| 15:03 | Investigar | Town Watch |
| 15:04 | Investigar | Town Watch |
| 15:11 | Encolar | Villager (Male) |
| 15:30 | Encolar | Villager (Male) |
| 15:39 | Construir | Archery Range |
| 15:40 | Encolar | Villager (Male) |
| 15:57 | Construir | Watch Tower |
| 16:03 | Encolar | Unit 2550 |
| 16:08 | Encolar | Villager (Male) |
| 16:25 | Encolar | Skirmisher |
| 16:25 | Encolar | Skirmisher |
| 16:36 | Construir | Farm |
| 16:39 | Construir | Farm |
| 16:45 | Encolar | Villager (Male) |
| 16:54 | Construir | Farm |
| 17:05 | Encolar | Skirmisher |
| 17:06 | Encolar | Villager (Male) |
| 17:16 | Construir | Blacksmith |
| 17:25 | Construir | Farm |
| 17:31 | Encolar | Skirmisher |
| 17:32 | Encolar | Villager (Male) |
| 17:48 | Encolar | Villager (Male) |
| 18:00 | Construir | Settlement |
| 18:03 | Investigar | Fletching |
| 18:05 | Encolar | Skirmisher |
| 18:53 | Construir | Market |
| 18:58 | Construir | Farm |
| 19:09 | Encolar | Skirmisher |
| 19:10 | Encolar | Skirmisher |
| 19:18 | Construir | Palisade Wall |
| 19:21 | Construir | Palisade Wall |
| 19:29 | Encolar | Villager (Male) |
| 19:36 | Construir | Farm |
| 19:45 | Construir | Farm |
| 19:53 | Construir | Farm |
| 20:08 | Construir | Farm |
| 20:11 | Construir | Farm |
| 20:32 | Construir | Farm |
| 21:00 | Investigar | Castle Age |
| 21:00 | Investigar | Castle Age |
| 21:32 | Investigar | Stone Mining |
| 21:54 | Investigar | Horse Collar |
| 21:55 | Investigar | Horse Collar |
| 22:05 | Encolar | Skirmisher |
| 22:14 | Construir | Palisade Wall |
| 22:18 | Construir | Palisade Wall |
| 22:30 | Construir | Palisade Wall |
| 22:55 | Investigar | Gold Mining |
| 23:04 | Construir | Watch Tower |
| 23:11 | Construir | Palisade Wall |
| 23:21 | Construir | House |
| 23:40 | Edad | Edad de los Castillos |
| 23:50 | Construir | Castle |
| 24:30 | Construir | House |
| 24:40 | Encolar | Unit 2579 |
| 24:41 | Encolar | Unit 2579 |
| 24:41 | Encolar | Unit 2579 |
| 24:47 | Construir | Palisade Wall |
| 24:57 | Construir | Farm |
| 25:12 | Encolar | Unit 2579 |
| 25:27 | Investigar | Bodkin Arrow |
| 25:38 | Construir | Watch Tower |
| 25:43 | Construir | Palisade Wall |
| 26:02 | Encolar | Unit 2579 |
| 26:02 | Encolar | Unit 2579 |
| 26:10 | Investigar | Padded Archer Armor |
| 26:45 | Encolar | Villager (Male) |
Cronología de la partida
| 9:16 | Jackdaw · age_up feudal |
| 12:16 | TE MS MOE · wall_segment Palisade Wall x1 |
| 12:16 | TE MS MOE · wall_segment Palisade Wall x1 |
| 12:17 | TE MS MOE · wall_segment Palisade Wall x1 |
| 12:52 | Jackdaw · first_building Barracks |
| 12:58 | TE MS MOE · wall_segment Palisade Wall x1 |
| 13:48 | Jackdaw · first_building Archery Range |
| 14:34 | TE MS MOE · first_building Barracks |
| 14:50 | TE MS MOE · age_up feudal |
| 15:39 | TE MS MOE · first_building Archery Range |
| 18:09 | Jackdaw · first_market_buy 100 stone |
| 19:18 | TE MS MOE · wall_segment Palisade Wall x7 |
| 19:21 | TE MS MOE · wall_segment Palisade Wall x1 |
| 19:29 | Jackdaw · first_building Stable |
| 20:19 | TE MS MOE · first_market_buy 100 food |
| 20:19 | TE MS MOE · first_market_sell 100 stone |
| 21:56 | Jackdaw · age_up castle |
| 22:14 | TE MS MOE · wall_segment Palisade Wall x4 |
| 22:18 | TE MS MOE · wall_segment Palisade Wall x1 |
| 22:21 | Jackdaw · first_building Siege Workshop |
| 22:30 | TE MS MOE · wall_segment Palisade Wall x1 |
| 23:11 | TE MS MOE · wall_segment Palisade Wall x1 |
| 23:40 | TE MS MOE · age_up castle |
| 23:50 | TE MS MOE · first_building Castle |
| 24:47 | TE MS MOE · wall_segment Palisade Wall x1 |
| 25:43 | TE MS MOE · wall_segment Palisade Wall x1 |
| 26:58 | Jackdaw · resign |
[ ANÁLISIS IA · 1 CRÉDITO ]
¿Qué pasó realmente en esta partida?
Wolo.gg analiza cada decisión: build order, eco, micro, errores típicos por bracket. Análisis personalizado por WhatsApp o Discord en 30 segundos.
Guía civ
Mongoles
Perfil
Jugador #21987494